 Dungeon Crawl Stone Soup version 0.16.1-4-g8e1b745 (console) character file.

144 gw the Ruffian (level 5, -2/38 HPs)
             Began as a Formicid Transmuter on Mar 27, 2015.
             Was an Initiate of Makhleb.
             Slain by an orc
             ... wielding a +0 short sword
              (6 damage)
             ... on level 3 of the Dungeon.
             The game lasted 00:06:46 (5088 turns).

gw the Ruffian (Formicid Transmuter)                Turns: 5088, Time: 00:06:46

Health: -2/38      AC:  3    Str: 14    XL:     5   Next: 51%
Magic:  13/13      EV: 12    Int: 14    God:    Makhleb [......]
Gold:   162        SH:  0    Dex: 11    Spells: 3 memorised, 2 levels left

rFire  . . .     SeeInvis +       - Unarmed
rCold  . . .     Clarity  .     c - +0 robe
rNeg   . . .     SustAb   .     (no shield)
rPois  .         Gourm    .     (helmet unavailable)
rElec  .         Spirit   .     (no cloak)
rCorr  .         Warding  .     q - +0 pair of gloves
rMut   .         Stasis   +     (boots unavailable)
MR     .....                    (no amulet)
Stlth  +.........               (no ring)
                                (no ring)

@: lethally poisoned (-2 -> -3), appendage, not resistant to hostile
enchantments, very unstealthy
A: permanent stasis, dig shafts and tunnels, four strong arms, antennae 3, fangs
1, talons 3, blurry vision 1, spit poison 1, evolution 1
a: Dig, Shaft Self, Spit Poison, End Transformation, Renounce Religion


You were on level 3 of the Dungeon.
You worshipped Makhleb.
Makhleb was noncommittal.
You were not hungry.
You had grown temporary talons.
You visited 1 branch of the dungeon, and saw 3 of its levels.

You collected 162 gold pieces.

Inventory:

Missiles
 b - 12 arrows
 e - 26 poisoned needles
 h - 49 stones (quivered)
 j - 8 needles of paralysis
 k - 6 curare-tipped needles
Armour
 c - a +0 robe (worn)
 q - a +0 pair of gloves (worn)
Potions
 n - 2 potions of mutation
Books
 d - a book of Changes

   Spells                             Type                      Level
   a - Beastly Appendage              Transmutation                1
   b - Sticks to Snakes               Transmutation                2
   c - Spider Form                    Transmutation/Poison         3
   d - Ice Form                       Ice/Transmutation            4
   e - Blade Hands                    Transmutation                5
 l - a book of Dreams

   Spells                             Type                      Level
   a - Ensorcelled Hibernation        Hexes/Ice                    2
   b - Flight                         Charms/Air                   3
   c - Phase Shift                    Translocation                5
   d - Shadow Creatures               Summoning                    5
   e - Mass Confusion                 Hexes                        6
   f - Darkness                       Hexes                        7
Comestibles
 f - 2 beef jerkies
 g - a slice of pizza
 i - 3 fruits


   Skills:
 + Level 2.0 Fighting
 + Level 1.9 Armour
 - Level 1.7 Dodging
 + Level 3.5 Unarmed Combat
 + Level 3.3 Spellcasting
 * Level 3.2 Transmutations
 + Level 1.0 Invocations


You had 2 spell levels left.
You knew the following spells:

 Your Spells              Type           Power        Failure   Level  Hunger
a - Beastly Appendage     Trmt           ##....       6%          1    #......
b - Spider Form           Trmt/Pois      #.........   38%         3    ###....
c - Ice Form              Ice/Trmt       #.......     95%         4    #####..


Dungeon Overview and Level Annotations

Branches:
Dungeon (3/15)

Altars:
Makhleb

Annotations:
D:1 exclusion: 2 downstairs
D:2 exclusion: downstairs


Innate Abilities, Weirdness & Mutations

You are under a permanent stasis effect.
You can dig through walls and to a lower floor.
Your four strong arms can wield two-handed weapons with a shield.
You have a pair of large antennae on your head (SInv).
You have very sharp teeth.
You have claws for feet.
Scrolls take you a little longer to read.
You can spit poison.
You evolve.


Message History

Unknown command.
MOVING TO (1,1)
The adder bites you. x2
Unknown command.
Unknown command.
Unknown command.
ATTACKING (-1,-1)
You barely miss the orc. The orc barely misses you. The adder bites you.
You are poisoned.
The adder poisons you!
Unknown command.
Unknown command.
Unknown command.
Unknown command.
ATTACKING (-1,-1)
You hit the orc. You claw the orc, but do no damage. Your bite misses the orc.
The orc is heavily wounded.
You feel sick. The adder bites you but does no damage.
The orc hits you with a short sword.
You die...

............#.........#..
>#.##..............#.#
....#.......#............
?............#.........#..
...#####....#.........###
. #####$...#<........# #
....#.).o{...#)........# #
..#....o###...#######.# #
....r.ooSa##....###....# #
##.....>.%#......#..####
##.......#.(.(..(.#
##.....##(......##
#.......##..(...# ...?...
##.(#((# ...... ####.(...
....# ...... # ......


You could see an adder, 4 orcs and a rat.

Table legend:
 A = Turns spent in this place as a percentage of turns spent in the entire game.
 B = Non-inter-level travel turns spent in this place as a percentage of non-inter-level travel turns spent in the entire game.
 C = Inter-level travel turns spent in this place as a percentage of turns spent in this place.
 D = Turns resting spent in this place as a percentage of non-inter-level travel turns spent in this place.
 E = Turns spent auto-exploring this place as a percentage of non-inter-level travel turns spent in this place.
 F = Non-inter-level travel turns spent in this place divided by the number of levels of this place that you've seen.
                   A       B       C       D       E      F
               +-------+-------+-------+-------+-------+----------------------
         Total | 100.0 | 100.0 |   0.3 |   2.3 |   1.4 | 2875.3
       Dungeon | 100.0 | 100.0 |   0.3 |   2.3 |   1.4 | 2875.3
               +-------+-------+-------+-------+-------+----------------------

Table legend:
 A = Kills in this place as a percentage of kills in entire the game.
 B = Kills by you in this place as a percentage of kills by you in the entire game.
 C = Kills by friends in this place as a percentage of kills by friends in the entire game.
 D = Other kills in this place as a percentage of other kills in the entire game.
 E = Experience gained in this place as a percentage of experience gained in the entire game.
 F = Experience gained in this place divided by the number of levels of this place that you have seen.
                   A       B       C       D       E      F
               +-------+-------+-------+-------+-------+----------------------
         Total | 100.0 | 100.0 |  -nan |  -nan | 100.0 |  68.7
       Dungeon | 100.0 | 100.0 |  -nan |  -nan | 100.0 |  68.7
               +-------+-------+-------+-------+-------+----------------------

Vanquished Creatures
  A crimson imp (D:2)
  An orc priest (D:3)
  An adder (D:2)
  2 worms (D:2)
  3 giant geckos
  7 bats
  5 giant cockroaches
  8 goblins
  13 hobgoblins
  A quokka (D:1)
  A ball python (D:1)
  2 giant newts
  7 kobolds
  5 rats
57 creatures vanquished.

Notes
Turn   | Place    | Note
--------------------------------------------------------------
     0 | D:1      | gw, the Formicid Transmuter, began the quest for the Orb.
     0 | D:1      | Reached XP level 1. HP: 15/15 MP: 3/3
   344 | D:1      | Reached XP level 2. HP: 21/21 MP: 3/5
  1041 | D:1      | Reached XP level 3. HP: 26/26 MP: 5/7
  1063 | D:1      | Learned a level 3 spell: Spider Form
  1116 | D:1      | Reached skill level 1 in Armour
  1578 | D:1      | Gained mutation: Scrolls take you a little longer to read. [potion of mutation]
  1578 | D:1      | Gained mutation: You evolve. [potion of mutation]
  1578 | D:1      | Gained mutation: You can spit poison. [potion of mutation]
  1980 | D:2      | Gained mutation: You have very sharp teeth. [evolution]
  2018 | D:2      | Reached XP level 4. HP: 26/33 MP: 7/9
  2122 | D:2      | Learned a level 4 spell: Ice Form
  3138 | D:2      | Found a burning altar of Makhleb.
  3722 | D:2      | Became a worshipper of Makhleb the Destroyer
  3841 | D:2      | Reached XP level 5. HP: 18/38 MP: 13/13
  4609 | D:1      | HP: 1/38 [hobgoblin (2)]
  5084 | D:3      | Reached skill level 1 in Invocations
  5088 | D:3      | Slain by an orc

Action                   |  1- 3 |  4- 6 || total
-------------------------+-------+-------++-------
Melee: Unarmed           |   117 |   225 ||   342
Throw: Stone             |    85 |   182 ||   267
 Cast: Beastly Appendage |    34 |    50 ||    84
 Abil: Spit Poison       |     1 |    78 ||    79
  Use: Potion            |     4 |     1 ||     5
       Scroll            |     2 |     3 ||     5
  Eat: Chunk             |     4 |     6 ||    10
       Bread ration      |       |     2 ||     2

Vault maps used:
D:1:      lemuel_arrival_broad_hall, minivault_27, hangedman_glass_teeth
D:2:      makhleb_grotto_becter
D:3:      trog_eyes_of_draining, uniq_grinder, uniq_crazy_yiuf_cottage
